 Dungeon Crawl Stone Soup version 0.26.1-2-gb8aa6d0 (webtiles) character file.

Game seed: 9469945183600882442

834 Pyrotec the Cutter (level 7, -2/53 HPs)
             Began as a Demonspawn Warper on Feb 4, 2024.
             Slain by Pikel
             ... wielding a +0 whip of electrocution
              (13 damage)
             ... on level 5 of the Dungeon on Feb 5, 2024.
             The game lasted 01:06:39 (6350 turns).

Pyrotec the Cutter (Demonspawn Warper)              Turns: 6350, Time: 01:06:39

Health: -2/53      AC: 12    Str: 13    XL:     7   Next: 66%
Magic:  10/10      EV: 10    Int: 14    God:
Gold:   261        SH:  0    Dex: 13    Spells: 10/10 levels left

rFire    + . .     SeeInvis .   H - +0 long sword (flame)
rCold    + . .     Faith    .   (no shield)
rNeg     . . .     Spirit   .   N - +0 scale mail
rPois    .         Reflect  .   f - +1 helmet
rElec    .         Harm     .   (no cloak)
rCorr    .         Rampage  .   (no gloves)
Will     .....                  q - +0 pair of boots
Stlth    ..........             E - amulet of regeneration
HPRegen  0.57/turn              K - ring of protection from cold
MPRegen  0.12/turn              (no ring)

@: no status effects
A: fire resistance 1, powered by pain 2, sharp scales 2
a: no special abilities


You were on level 5 of the Dungeon.
You visited 1 branch of the dungeon, and saw 5 of its levels.

You collected 261 gold pieces.

Inventory:

Hand Weapons
 a - a +0 falchion
 c - a +5 short sword of venom
 g - a +0 club
 h - a +0 club
 k - a +0 dagger
 m - a +0 spear of flaming
 n - a +0 falchion
 o - a +0 club
 w - a +0 dagger of electrocution
 H - a +0 long sword of flaming (weapon)
 O - a +0 hunting sling
Missiles
 t - 15 bolts
 A - 16 poisoned darts (quivered)
 G - 77 stones
Armour
 b - a +0 leather armour
 e - a +0 helmet
 f - a +1 helmet (worn)
 j - a +0 robe
 l - a +0 ring mail
 p - a cursed +0 leather armour
 q - a +0 pair of boots (worn)
 r - a cursed +0 leather armour
 s - a +0 robe
 u - a +0 leather armour
 x - a +0 pair of boots
 y - a +0 ring mail
 D - a +0 ring mail
 N - a +0 scale mail (worn)
 Q - a cursed +0 chain mail
Jewellery
 E - an amulet of regeneration (around neck)
 K - a ring of protection from cold (left hand)
 M - an uncursed ring of attention
Wands
 B - a wand of acid (14)
Scrolls
 d - 4 scrolls of blinking
 C - 2 scrolls of fear
 F - 2 scrolls of remove curse
 I - a scroll of teleportation
 P - a scroll of magic mapping
Potions
 i - 3 potions of lignification {unknown}
 v - 2 potions of curing {unknown}
 z - 2 potions of heal wounds {unknown}


   Skills:
 + Level 3.8 Fighting
 + Level 3.8(4.5) Short Blades
 + Level 3.5(4.3) Long Blades
 + Level 0.9 Throwing
 + Level 3.5 Armour
 + Level 3.1 Dodging
 + Level 0.4 Stealth
 + Level 2.3 Spellcasting
 + Level 3.3 Translocations


You had 10 spell levels left.
You didn't know any spells.
Your spell library contained the following spells:

 Spells                   Type           Power        Failure   Level
 Blink                    Tloc           N/A          36%         2
 Gell's Gravitas          Tloc           5%           58%         3
 Lesser Beckoning         Tloc           5%           58%         3
 Teleport Other           Tloc           11%          58%         3
 Passage of Golubria      Tloc           N/A          94%         4


Dungeon Overview and Level Annotations

Branches:
Dungeon (5/15)
 Temple: D:4-7

Altars:
Dithmenos
Fedhas
The Shining One

Shops:
D:5 [

Annotations:
D:5 Pikel


Innate Abilities, Weirdness & Mutations

Your flesh is heat resistant. (rF+)
You sometimes gain power by taking damage.
You are mostly covered in razor-sharp scales. (AC +2, Slay +2)


Message History

Pikel hits you but does no damage.
You slash Pikel! You burn Pikel.
Pikel is heavily wounded.
Pikel barely misses you.
You riposte.
You hit Pikel. You burn Pikel.
Pikel is severely wounded.
Pikel hits you with a +0 whip of electrocution.
* * * LOW HITPOINT WARNING * * *
You hit Pikel. You burn Pikel.
Pikel is almost dead.
Pikel hits you with a +0 whip of electrocution.
* * * LOW HITPOINT WARNING * * *
You closely miss Pikel.
Pikel is almost dead.
Pikel misses you.
You closely miss Pikel.
Pikel is almost dead.
Pikel hits you with a +0 whip of electrocution.
* * * LOW HITPOINT WARNING * * *
You are electrocuted!
You die...

..5##
##.......###.###.####
#... #K## ##.....##
##...5# #... #.##
##...##
##.#.######... ...##
##5## #.#........##
#.#.## #.#
#.###########
#.##.#######.#####
#.# #
#......##....5.55#
#.# #
####.#.##.#...##K#
#.# #
#.##.##......#@# #.#
# ..#
#.......#..>.....# #
###
####.##...#.###### #
#.######.# # #.# #.#
# .. ..# ## ###


You could see Pikel and 2 lemures.

Vanquished Creatures
  An ice beast (D:5)
  A sky beast (D:4)
  A lemure (D:5)
  A howler monkey (D:4)
  A centaur zombie (D:5)
  A bullfrog skeleton (D:4)
  3 orc wizards (D:4)
  A centaur skeleton (D:5)
  A gnoll shaman (D:4)
  2 orc priests
  2 worker ants
  A hound zombie (D:5)
  11 gnolls
  7 adders
  A white imp (D:5)
  An ooze (D:1)
  3 worms
  2 dart slugs
  6 leopard geckos
  18 orcs
  3 giant cockroaches
  12 goblins
  17 hobgoblins
  6 jackals
  5 quokkas
  5 bats
  5 frilled lizards
  7 kobolds
  5 rats
130 creatures vanquished.

Vanquished Creatures (others)
  4 plants (D:2)
4 creatures vanquished.

Grand Total: 134 creatures vanquished

Notes
Turn   | Place    | Note
-------+----------+-------------------------------------------
     0 | D:1      | Pyrotec the Demonspawn Warper began the quest for the Orb.
     0 | D:1      | Reached XP level 1. HP: 16/16 MP: 3/3
   400 | D:1      | Gained mutation: You sometimes gain a little power by
                  | taking damage. [demonic ancestry]
   400 | D:1      | Reached XP level 2. HP: 20/22 MP: 5/5
   726 | D:1      | Reached skill level 1 in Armour
   989 | D:1      | Gained mutation: You are partially covered in razor-sharp
                  | scales. (AC +1, Slay +1) [demonic ancestry]
   989 | D:1      | Reached XP level 3. HP: 26/27 MP: 6/6
  1396 | D:1      | Reached skill level 1 in Short Blades
  1542 | D:2      | Gained mutation: You are mostly covered in razor-sharp
                  | scales. (AC +2, Slay +2) [demonic ancestry]
  1542 | D:2      | Reached XP level 4. HP: 21/33 MP: 7/7
  1961 | D:2      | Found a glowing golden altar of the Shining One.
  2382 | D:2      | Reached XP level 5. HP: 38/38 MP: 8/8
  3478 | D:2      | Found a shadowy altar of Dithmenos.
  4168 | D:4      | Gained mutation: Your flesh is heat resistant. (rF+)
                  | [demonic ancestry]
  4168 | D:4      | Reached XP level 6. HP: 46/46 MP: 9/9
  5325 | D:5      | Entered Level 5 of the Dungeon
  5325 | D:5      | Noticed a sky beast
  5351 | D:4      | Killed a sky beast
  5352 | D:4      | Gained mutation: You sometimes gain power by taking damage.
                  | [demonic ancestry]
  5352 | D:4      | Reached XP level 7. HP: 22/52 MP: 10/10
  5465 | D:5      | Found Itwavusk's Antique Armour Shoppe.
  6131 | D:5      | Found a blossoming altar of Fedhas.
  6219 | D:5      | Noticed Pikel
  6350 | D:5      | Slain by Pikel

Illustrated notes

Levels and vault maps discovered:
D:1:      elethiomel_arrival_infinity_welcomes_careful_drivers, layout_basic,
          chequers_serial_rivers_micro_a, minivault_27, serial_bayou_ford_a
D:2:      layout_rooms, general_overflow_altar, tso_oasis_becter
D:3:      layout_loops_ring
D:4:      layout_loops_corners
D:5:      layout_loops_corners, fedhas_altar_4, serial_shops, shop_statue,
          uniq_pikel

Skill      XL: |  1  2  3  4  5  6  7 |
---------------+----------------------+-----
Translocations | 3 |  3.3
Dodging        | 2 3 |  3.1
Armour         | 1 2 3 |  3.5
Short Blades   | 1 2 3 |  3.8
Long Blades    | 2 3 |  3.5
Fighting       | 3 |  3.8
Throwing       | |  0.9
Stealth        | |  0.4
Spellcasting   | |  2.3

Action                   |  1- 3 |  4- 6 |  7- 9 || total
-------------------------+-------+-------+-------++-------
Melee: Short sword       |    78 |   112 |       ||   190
       Falchion          |     1 |       |       ||     1
       Long sword        |       |   113 |    94 ||   207
Throw: Boomerang         |       |     5 |       ||     5
  Use: Scroll            |     2 |     6 |     1 ||     9
       Potion            |       |     2 |     2 ||     4
Armor: Leather armour    |     8 |       |       ||     8
       Ring mail         |    14 |    97 |     2 ||   113
       Scale mail        |       |       |    52 ||    52
Dodge: Dodged            |    43 |    99 |    64 ||   206
       Rpst.: Long sword |       |    14 |    18 ||    32
